 Dungeon Crawl Stone Soup version 0.31.0-2-g5a2aebc5c2 (webtiles) character file.

Game seed: 535358935053082648

38 ssalbiz the Chopper (level 3, 0/46 HPs)
             Began as a Minotaur Berserker on Jan 20, 2024.
             Was a Follower of Trog.
             Succumbed to an adder's poison
             ... on level 2 of the Dungeon.
             The game lasted 00:00:39 (831 turns).

ssalbiz the Chopper (Minotaur Berserker)             Turns: 831, Time: 00:00:40

Health: 0/46       AC:  2    Str: 23    XL:     3   Next: 25%
Magic:  2/2        EV: 12    Int:  4    God:    Trog [*.....]
Gold:   29         SH:  0    Dex:  9    Spells: 2/2 levels left

rFire   . . .        a - +0 hand axe
rCold   . . .        (no shield)
rNeg    . . .        b - +0 animal skin
rPois   .            (helmet restricted)
rElec   .            (no cloak)
rCorr   .            (no gloves)
SInv    .            (no boots)
Will    .....        (no amulet) Stlth
                     (no ring)
HPRegen 0.27/turn    (no ring)
MPRegen 0.08/turn

%: no passive effects
@: berserking, lethally poisoned (0 -> -6), very quick
A: horns 2, retaliatory headbutt
a: Renounce Religion, Berserk


You were on level 2 of the Dungeon.
You worshipped Trog.
Trog was aware of your devotion.
You visited 1 branch of the dungeon, and saw 2 of its levels.

You collected 29 gold pieces.

Inventory:

Hand Weapons
 a - a +0 hand axe (weapon)
Armour
 b - a +0 animal skin (worn)
Scrolls
 f - 3 scrolls of identify {unknown}
 g - a scroll of fear {unknown}
 h - a scroll of vulnerability {unknown}
 i - a scroll of torment {unknown}
Potions
 c - a potion of magic {unknown}
 d - a potion of mutation {unknown}
 e - a potion of haste {unknown}


   Skills:
 - Level 3.6 Fighting
 + Level 5.3 Axes
 - Level 2.4 Armour
 - Level 2.1 Dodging


You had 2 spell levels left.
You didn't know any spells.
Your spell library was empty.

Dungeon Overview and Level Annotations

Branches:
Dungeon (2/15)

Altars:


Innate Abilities, Weirdness & Mutations

You have a pair of horns on your head.
You reflexively headbutt those who attack you in melee.


Message History

You are too injured to fight recklessly!
Unknown command.
You are too injured to fight recklessly!
Unknown command.
You are too injured to fight recklessly!
Unknown command.
You are too injured to fight recklessly!
You barely miss the adder.
The adder is almost dead.
You feel very sick. The adder barely misses you.
You closely miss the adder.
The adder is almost dead.
You feel sick. The adder barely misses you.
You closely miss the adder. Your headbutt misses the adder.
The adder is almost dead.
* * * LOW HITPOINT WARNING * * *
You feel sick. The adder bites you.
* * * LOW HITPOINT WARNING * * *
You are lethally poisoned!
The adder poisons you! The adder bites you.
* * * LOW HITPOINT WARNING * * *
A red film seems to cover your vision as you go berserk!
You feel yourself moving faster!
You feel mighty!
* * * LOW HITPOINT WARNING * * *
You feel very sick. The adder barely misses you. You furiously retaliate!
You headbutt the adder!
You kill the adder!
Trog accepts your kill.
You completely miss the goblin. Your headbutt misses the goblin.
* * * LOW HITPOINT WARNING * * *
You feel sick. The goblin barely misses you.
You miss the goblin. Your headbutt misses the goblin.
* * * LOW HITPOINT WARNING * * *
You feel sick.
You closely miss the goblin.
* * * LOW HITPOINT WARNING * * *
You feel sick. The goblin barely misses you.
You miss the goblin.
You die...

.## #### ...
... .. ..# #
#......#
#..#.#.###
#.......?
#.#g#.#
#..@..#
###.### #.#
#.########.#
#..........#
#######..###
#.<# #..#
#..#


You could see a goblin.

Vanquished Creatures
  An adder (D:2)
  2 dart slugs (D:1)
  2 ball pythons (D:1)
  3 endoplasms (D:1)
  A giant cockroach (D:1)
  3 hobgoblins
  2 quokkas (D:1)
  2 bats (D:1)
  3 frilled lizards (D:1)
  3 kobolds (D:1)
  2 rats (D:1)
24 creatures vanquished.

Notes
Turn   | Place    | Note
-------+----------+-------------------------------------------
     0 | D:1      | ssalbiz the Minotaur Berserker began the quest for the Orb.
     0 | D:1      | Reached XP level 1. HP: 19/19 MP: 0/0
    92 | D:1      | Reached skill level 4 in Axes
   125 | D:1      | Reached XP level 2. HP: 24/26 MP: 1/1
   635 | D:1      | Reached skill level 5 in Axes
   818 | D:2      | Reached XP level 3. HP: 30/31 MP: 2/2
   828 | D:2      | HP: 2/46 [poisoned by an adder]
   831 | D:2      | Succumbed to an adder's poison

Illustrated notes

Levels and vault maps discovered:
D:1:      matt_arrival_diagonals, layout_basic
D:2:      layout_loops_ring

Skill      XL: |  1  2 |
---------------+-------+-----
Axes           | 4 5 |  5.3
Fighting       | |  3.6
Armour         | |  2.4
Dodging        | |  2.1

Action                     || total
---------------------------++-------
  Melee: Hand axe          ||    61
         Headbutt          ||     7
 Invoke: Berserk           ||     1
   Stab: Sleeping          ||     2
 Armour: Animal skin       ||    33
  Dodge: Dodged            ||    41
